 Dungeon Crawl Stone Soup version 0.13-a0-1585-g6f4f798 (webtiles) character file.

206 Kae the Chiller (level 3, -8/19 HPs)
             Began as a Deep Elf Ice Elementalist on June 12, 2013.
             Killed from afar by Kae's ghost (9 damage)
             ... with a puff of frost
             ... on Level 3 of the Dungeon.
             The game lasted 00:02:26 (1628 turns).

Kae the Chiller (Deep Elf Ice Elementalist)         Turns: 1628, Time: 00:02:27

HP  -8/19        AC  3     Str  5      XL: 3   Next: 85%
MP   6/10        EV 12     Int 20      God:
Gold 144         SH  7     Dex 15      Spells:  2 memorised,  4 levels left

Res.Fire  : . . .   See Invis. : .   (no weapon)
Res.Cold  : . . .   Warding    : .   a - +0 elf robe
Life Prot.: . . .   Conserve   : .   f - +0 buckler
Res.Poison: .       Res.Corr.  : .   (no helmet)
Res.Elec. : .       Clarity    : .   h - +0 elf cloak
Sust.Abil.: . .     Spirit.Shd : .   (no gloves)
Res.Mut.  : .       Stasis     : .   (no boots)
Res.Rott. : .       Flight     : .   (no amulet)
Saprovore : . . .                    (no ring)
                                     (no ring)

@: slightly resistant to hostile enchantments, stealthy
A: no striking features
a: no special abilities


You were on level 3 of the Dungeon.
You were not hungry.

You visited 1 branch of the dungeon, and saw 3 of its levels.

You collected 124 gold pieces.

Inventory:

Armour
 a - a +0 elven robe (worn)
 f - a +0 buckler (worn)
 h - a +0 elven cloak (worn)
Comestibles
 c - a bread ration
 l - a meat ration
 n - 2 apples
Scrolls
 d - a scroll of teleportation
 i - a scroll of identify
 m - a scroll of fear
Potions
 e - a potion of brilliance {unknown}
 g - 2 potions of restore abilities {unknown}
 j - 3 potions of heal wounds
 k - 2 potions of speed {unknown}
 o - a potion of magic {unknown}
Books
 b - a book of Frost

   Spells                             Type                      Level
   *Freeze                            Ice                          1
   *Throw Frost                       Conjuration/Ice              2
   Ozocubu's Armour                   Charms/Ice                   3
   Throw Icicle                       Conjuration/Ice              4
   Summon Ice Beast                   Ice/Summoning                4
   Condensation Shield                Ice                          4


   Skills:
 - Level 2.5 Dodging
 - Level 2.4 Stealth
 + Level 2.7 Spellcasting
 * Level 2.2 Conjurations
 * Level 4.3 Ice Magic


You had 4 spell levels left.
You knew the following spells:

 Your Spells              Type           Power        Failure   Level  Hunger
a - Freeze                Ice            ###.         2%          1    None
b - Throw Frost           Conj/Ice       ###...       8%          2    ##.....


Dungeon Overview and Level Annotations

Branches:
Dungeon (3/27)

Altars:

Annotations
D:3 Kae's ghost, average DEIE


Message History

Confirm with . or Enter, or press ? or * to list all spells.
Aiming: Freeze
Press: ? - help, Shift-Dir - straight line, f - giant gecko
Aim: a giant gecko You freeze the giant gecko.
You kill the giant gecko!
Casting: Freeze
Confirm with . or Enter, or press ? or * to list all spells.
You can't see any susceptible monsters within range! (Use Z to cast anyway.)
Press: ? - help, v - describe, . - travel
Here: Kae's ghost The floor.
Kae's ghost casts a spell at you. The puff of frost hits you!
Ouch! That really hurt!
* * * LOW HITPOINT WARNING * * *
Kae's ghost casts a spell at you. The puff of frost hits you!
One of your 3 oily orange potions freezes and shatters!
You die...

##........####.# .
#..............# #.
#..###..######## #.
#.####..###..##
.#.##.............#
#..gp..####..###.<.#
#..................#
#............###.#.#
##......#.@.....<.#.#
.......%....#.#####.#
###.#.....[..># .#
#...#.####### . ##.
#. # #. #[ ##


You could see Kae's ghost and a goblin.

Vanquished Creatures
  2 adders (D:2)
  3 giant geckos
  An ooze (D:1)
  An orc (D:3)
  A ball python (D:2)
  3 giant cockroaches
  7 hobgoblins
  4 kobolds
  7 bats
  3 giant newts
  5 goblins
  2 jackals (D:1)
  4 rats
43 creatures vanquished.

Notes
Turn   | Place    | Note
--------------------------------------------------------------
     0 | D:1      | Kae, the Deep Elf Ice Elementalist, began the quest for the Orb.
     0 | D:1      | Reached XP level 1. HP: 10/10 MP: 4/4
   169 | D:1      | Reached XP level 2. HP: 10/15 MP: 3/7
   432 | D:1      | Learned a level 2 spell: Throw Frost
   545 | D:1      | Reached skill level 4 in Ice Magic
   895 | D:2      | Reached XP level 3. HP: 16/19 MP: 9/9
  1621 | D:3      | Noticed Kae's ghost (average DEIE)
  1628 | D:3      | Killed from afar by Kae's ghost

Action                   || total
-------------------------++-------
Melee: Unarmed           ||    32
 Cast: Freeze            ||    59
  Use: Scroll            ||     3
 Stab: Sleeping          ||     2
